 Dungeon Crawl Stone Soup version 0.22-a0-422-g9628fc8 (webtiles) character file.

543 Mgcat the Fighter (level 7, -8/94 HPs)
             Began as a Gnoll Wanderer on May 20, 2018.
             Was an Initiate of Gozag.
             Mangled by an ogre
             ... wielding a cursed +0 giant spiked club
              (17 damage)
             ... on level 5 of the Dungeon.
             The game lasted 00:06:49 (2988 turns).

Mgcat the Fighter (Gnoll Wanderer)                  Turns: 2988, Time: 00:06:50

Health: -8/94      AC:  7    Str: 26    XL:     7   Next: 27%
Magic:  19/19      EV: 11    Int: 13    God:    Gozag
Gold:   237        SH:  0    Dex: 15    Spells: 10/10 levels left

rFire    . . .     SeeInvis .   a - +2 falchion
rCold    . . .     Gourm    .   (no shield)
rNeg     . . .     Faith    .   b - +0 ring mail
rPois    .         Spirit   .   u - +0 helmet
rElec    .         Reflect  .   (no cloak)
rCorr    .         Harm     .   i - +0 pair of gloves (curse)
MR       .....                  (no boots)
Stlth    ..........             (no amulet)
HPRegen  0.25/turn              m - +4 ring of strength
MPRegen  0.16/turn              k - ring of magical power {MP+9}

@: berserking (expiring), gold aura, starving, drained, very quick
A: distributed training, fangs 1, strong nose
a: Potion Petition, Call Merchant, Bribe Branch, Renounce Religion


You were on level 5 of the Dungeon.
You worshipped Gozag.
Gozag was aware of your devotion.
You were starving.

You visited 2 branches of the dungeon, and saw 6 of its levels.

You collected 294 gold pieces.
You paid 57 gold pieces to Gozag.

Inventory:

Hand Weapons
 a - a +2 falchion (weapon)
 d - a +0 dagger
Missiles
 r - 2 throwing nets {=f, !d}
Armour
 b - a +0 ring mail (worn)
 i - a cursed +0 pair of gloves (worn)
   (You found it on level 1 of the Dungeon)
 u - a +0 helmet (worn)
   (You found it on level 3 of the Dungeon)
Jewellery
 k - a ring of magical power (right hand) {MP+9}
   (You found it on level 3 of the Dungeon)
 m - a +4 ring of strength (left hand)
   (You found it on level 2 of the Dungeon)
Wands
 o - a wand of polymorph (8)
   (You found it on level 2 of the Dungeon)
 s - a wand of flame (9)
   (You took it off Terence on level 3 of the Dungeon)
 w - a wand of clouds (5)
   (You found it on level 5 of the Dungeon)
Scrolls
 c - 2 scrolls of random uselessness {unknown}
 e - 4 scrolls of identify {unknown}
 h - 4 scrolls of teleportation {unknown}
 l - 2 scrolls of remove curse {unknown}
 n - a scroll of blinking {unknown}
 p - a scroll of fear {unknown}
 t - a scroll of fog {unknown}
 v - a scroll of magic mapping {unknown}
Potions
 j - 2 potions of lignification {unknown}
 q - 3 potions of flight {unknown}
Comestibles
 f - 7 rations


   Skills:
 + Level 8.9(7.9) Fighting
 + Level 2.3(1.5) Short Blades
 + Level 3.5(2.7) Long Blades
 + Level 2.3(1.5) Axes
 + Level 2.3(1.5) Maces & Flails
 + Level 2.3(1.5) Polearms
 + Level 2.3(1.5) Staves
 + Level 2.3(1.5) Slings
 + Level 2.3(1.5) Bows
 + Level 2.3(1.5) Crossbows
 + Level 3.5(2.7) Throwing
 + Level 3.5(2.7) Armour
 + Level 2.3(1.5) Dodging
 + Level 4.8(3.9) Stealth
 + Level 2.3(1.5) Shields
 + Level 2.3(1.5) Unarmed Combat
 + Level 2.3(1.5) Spellcasting
 + Level 1.9(1.1) Conjurations
 + Level 1.9(1.1) Hexes
 + Level 1.9(1.1) Charms
 + Level 1.9(1.1) Summonings
 + Level 1.9(1.1) Necromancy
 + Level 1.9(1.1) Translocations
 + Level 1.9(1.1) Transmutations
 + Level 1.9(1.1) Fire Magic
 + Level 1.9(1.1) Ice Magic
 + Level 1.9(1.1) Air Magic
 + Level 1.9(1.1) Earth Magic
 + Level 1.9(1.1) Poison Magic
 + Level 2.5(1.8) Invocations
 + Level 3.5(2.7) Evocations


You had 10 spell levels left.
You didn't know any spells.
Your spell library contained the following spells:

 Spells                   Type           Power        Failure   Level  Hunger
 Bolt of Draining         Conj/Necr      #.........   100%        5    ######.
 Dispel Undead            Necr           #.......     100%        5    ######.
 Sublimation of Blood     Necr           #.........   36%         2    ###....
 Corpse Rot               Necr           N/A          36%         2    ###....
 Agony                    Necr           #.......     100%        5    ######.
 Excruciating Wounds      Chrm/Necr      #.........   100%        5    ######.


Dungeon Overview and Level Annotations

Branches:
Dungeon (5/15)             Temple (1/1) D:4

Altars:
Ashenzari
Dithmenos
Elyvilon
Gozag
Qazlal
Ru
Uskayaw
Wu Jian
Xom
Zin
The Shining One

Shops:
D:4 }


Innate Abilities, Weirdness & Mutations

Your experience applies equally to all skills.
You have very sharp teeth.
Your uncanny sense of smell can sniff out nearby items.


Message History

The gnoll hits you but does no damage.
You are starving!
You hit the gnoll.
The gnoll is heavily wounded.
The gnoll hits you with a club! The gnoll closely misses you.
The gnoll hits you but does no damage.
You slash the gnoll!
You kill the gnoll!
The gnoll barely misses you.
The gnoll is distracted by the nearby gold.
The gnoll shouts!
You slash the crimson imp! Your bite misses the crimson imp.
The crimson imp is heavily wounded.
The crimson imp blinks!
The gnoll barely misses you. The gnoll hits you with a spear.
Things that are here:
29 gold pieces; a club; a flail You hit the gnoll.
The gnoll is no longer distracted by gold.
The gnoll is lightly wounded.
The gnoll barely misses you. The gnoll completely misses you.
You riposte.
You hit the gnoll.
The gnoll is moderately wounded.
You barely miss the gnoll.
The gnoll is moderately wounded.
The gnoll hits you with a spear. The gnoll barely misses you.
You riposte.
You closely miss the gnoll.
The gnoll is moderately wounded.
The gnoll hits you but does no damage.
You hit the gnoll. You bite the gnoll, but do no damage.
The gnoll is heavily wounded.
The gnoll hits you with a spear. The gnoll closely misses you.
The crimson imp hits you with a dagger.
You hit the gnoll.
The gnoll is heavily wounded.
The gnoll misses you.
You riposte.
You hit the gnoll but do no damage. You punch the gnoll, but do no damage.
The gnoll is heavily wounded.
The gnoll hits you but does no damage. The crimson imp barely misses you.
The gnoll hits you but does no damage.
You hit the gnoll. Your bite misses the gnoll.
The gnoll is severely wounded.
The gnoll hits you but does no damage.
The crimson imp shouts, "Out, out, thou vain ruttish jarkman!"
The crimson imp closely misses you. The gnoll hits you but does no damage.
You hit the gnoll.
You kill the gnoll!
The gnoll barely misses you. The crimson imp closely misses you.
You riposte.
You hit the crimson imp.
The crimson imp is lightly wounded.
Your ring mail prevents you from hitting the gnoll.
You bite the gnoll, but do no damage. The gnoll hits you with a spear.
The crimson imp closely misses you.
You riposte.
You hit the crimson imp. You bite the crimson imp.
The crimson imp is heavily wounded.
The gnoll hits you but does no damage.
You slash the gnoll!
The gnoll is severely wounded.
The crimson imp hits you but does no damage.
The gnoll hits you with a spear.
* * * LOW HITPOINT WARNING * * *
The crimson imp hits you with a dagger.
* * * LOW HITPOINT WARNING * * *
You hit the gnoll.
The gnoll is almost dead.
The gnoll hits you with a spear.
* * * LOW HITPOINT WARNING * * *
The crimson imp barely misses you.
You riposte.
You hit the crimson imp.
The crimson imp is heavily wounded.
Really quaff
g - a potion of berserk rage {!q}?
A red film seems to cover your vision as you go berserk!
You feel yourself moving faster!
You feel mighty! The gnoll closely misses you.
The crimson imp hits you with a dagger.
* * * LOW HITPOINT WARNING * * *
Your ring mail prevents you from hitting the gnoll.
The gnoll is almost dead.
The gnoll hits you with a spear.
* * * LOW HITPOINT WARNING * * *
The crimson imp is distracted by the nearby gold.
The crimson imp shouts!
You closely miss the gnoll.
The gnoll is almost dead.
The gnoll hits you with a spear.
* * * LOW HITPOINT WARNING * * *
You slash the gnoll!
You kill the gnoll!
You slash the crimson imp!
You kill the crimson imp!
You now have 237 gold pieces (gained 7).
You see here a dagger.
An ogre comes into view. It is wielding a giant spiked club.
You feel a strong urge to attack something.
The ogre shouts!
You are too berserk!
Unknown command.
You slash the ogre!
The ogre is moderately wounded.
The ogre hits you with a giant spiked club!
You die...
Your body crumbles into a pile of gold.

#....# .. ##.##.#
#..##.# ∆ ####.###.###
...........####
..............#####
....#.............#####.
#####......##O##........
#......##@##.###..... $
#......##..#.## ..#
##.<#..###)#..####..#
#.###.# #$##.......#
#..# #.# #$$#.......#
...## #.# ##.#........
..## #..###..........
#.# #..g....$...[... #[
#.g.....$.......#


You could see an ogre.

Vanquished Creatures
  2 scorpions
  2 crimson imps (D:5)
  2 hounds (D:4)
  A worker ant (D:4)
  Terence (D:3)
  10 adders
  8 gnolls
  2 oozes
  3 worms
  3 dart slugs
  5 leopard geckos
  8 orcs (D:3)
  2 giant cockroaches
  8 goblins
  5 hobgoblins
  7 jackals
  2 kobolds
  2 quokkas
  A ball python (D:4)
  4 bats
  6 frilled lizards
  2 hobgoblin zombies (D:5)
  A kobold zombie (D:5)
  An orc skeleton (D:5)
  4 orc zombies (D:5)
  4 rats
96 creatures vanquished.

Notes
Turn   | Place    | Note
-------+----------+-------------------------------------------
     0 | D:1      | Mgcat the Gnoll Wanderer began the quest for the Orb.
     0 | D:1      | Mgcat set off with: a +2 falchion, a +0 ring mail, a potion of curing, a +0 dagger, a ration
     0 | D:1      | Reached XP level 1. HP: 26/26 MP: 2/2
    58 | D:1      | Reached XP level 2. HP: 20/33 MP: 3/3
   601 | D:2      | Reached XP level 3. HP: 38/38 MP: 4/4
   706 | D:2      | Reached skill level 1 in Invocations
  1326 | D:3      | Reached skill level 1 in Short Blades
  1326 | D:3      | Reached skill level 1 in Axes
  1326 | D:3      | Reached skill level 1 in Maces & Flails
  1326 | D:3      | Reached skill level 1 in Polearms
  1326 | D:3      | Reached skill level 1 in Staves
  1326 | D:3      | Reached skill level 1 in Slings
  1326 | D:3      | Reached skill level 1 in Bows
  1326 | D:3      | Reached skill level 1 in Crossbows
  1326 | D:3      | Reached skill level 1 in Dodging
  1326 | D:3      | Reached skill level 1 in Shields
  1326 | D:3      | Reached skill level 1 in Unarmed Combat
  1326 | D:3      | Reached skill level 1 in Spellcasting
  1383 | D:3      | Reached XP level 4. HP: 42/45 MP: 6/6
  1488 | D:3      | Reached skill level 1 in Conjurations
  1488 | D:3      | Reached skill level 1 in Hexes
  1488 | D:3      | Reached skill level 1 in Charms
  1488 | D:3      | Reached skill level 1 in Summonings
  1488 | D:3      | Reached skill level 1 in Necromancy
  1488 | D:3      | Reached skill level 1 in Translocations
  1488 | D:3      | Reached skill level 1 in Transmutations
  1488 | D:3      | Reached skill level 1 in Fire Magic
  1488 | D:3      | Reached skill level 1 in Ice Magic
  1488 | D:3      | Reached skill level 1 in Air Magic
  1488 | D:3      | Reached skill level 1 in Earth Magic
  1488 | D:3      | Reached skill level 1 in Poison Magic
  1522 | D:3      | Reached XP level 5. HP: 18/51 MP: 7/7
  1523 | D:3      | HP: 12/51 [gnoll/halberd (6)]
  1529 | D:3      | HP: 4/51 [gnoll/halberd (5)]
  1765 | D:3      | Noticed Terence
  1810 | D:3      | Killed Terence
  1810 | D:3      | Reached skill level 3 in Long Blades
  1810 | D:3      | Reached skill level 3 in Throwing
  1810 | D:3      | Reached skill level 3 in Armour
  1810 | D:3      | Reached skill level 3 in Evocations
  1988 | D:3      | Reached XP level 6. HP: 49/57 MP: 8/8
  2156 | D:4      | Reached skill level 2 in Invocations
  2196 | D:4      | Reached skill level 2 in Short Blades
  2196 | D:4      | Reached skill level 2 in Axes
  2196 | D:4      | Reached skill level 2 in Maces & Flails
  2196 | D:4      | Reached skill level 2 in Polearms
  2196 | D:4      | Reached skill level 2 in Staves
  2196 | D:4      | Reached skill level 2 in Slings
  2196 | D:4      | Reached skill level 2 in Bows
  2196 | D:4      | Reached skill level 2 in Crossbows
  2196 | D:4      | Reached skill level 2 in Dodging
  2196 | D:4      | Reached skill level 2 in Shields
  2196 | D:4      | Reached skill level 2 in Unarmed Combat
  2196 | D:4      | Reached skill level 2 in Spellcasting
  2343 | D:4      | Found Paonok's Gadget Boutique.
  2416 | D:4      | Found a glowing silver altar of Zin.
  2464 | D:4      | Found a staircase to the Ecumenical Temple.
  2474 | Temple   | Entered the Ecumenical Temple
  2496 | Temple   | Became a worshipper of Gozag Ym Sagoz the Greedy
  2640 | D:4      | Found a shimmering altar of Xom.
  2842 | D:5      | Entered Level 5 of the Dungeon
  2929 | D:5      | Found a glowing golden altar of the Shining One.
  2930 | D:5      | Reached XP level 7. HP: 49/63 MP: 10/10
  2977 | D:5      | HP: 13/63 [crimson imp/dagger (3)]
  2988 | D:5      | Mangled by an ogre

Vault maps used:
D:1:      lightli_arrival_noodles, grunt_decor_one_mirror
D:2:      hex_tiny, minmay_tripent
D:3:      first_ration, uniq_terence
D:4:      kennysheep_mini, kennysheep_little_box,
          minmay_temple_entry_large_hall, serial_shops, nicolae_shop_crystal
D:5:      kiku_gazebo_pond_becter, nicolae_tso_besieged_by_evil,
          marbit_many_paths, serial_shops, shop_fountains, feat_on_display
Temple:   eino_temple_rhombus

Skill      XL: |  1  2  3  4  5  6 |
---------------+-------------------+-----
Invocations    | 1 2 |  2.5
Short Blades   | 1 2 |  2.3
Axes           | 1 2 |  2.3
Maces & Flails | 1 2 |  2.3
Polearms       | 1 2 |  2.3
Staves         | 1 2 |  2.3
Slings         | 1 2 |  2.3
Bows           | 1 2 |  2.3
Crossbows      | 1 2 |  2.3
Dodging        | 1 2 |  2.3
Shields        | 1 2 |  2.3
Unarmed Combat | 1 2 |  2.3
Spellcasting   | 1 2 |  2.3
Conjurations   | 1 |  1.9
Hexes          | 1 |  1.9
Charms         | 1 |  1.9
Summonings     | 1 |  1.9
Necromancy     | 1 |  1.9
Translocations | 1 |  1.9
Transmutations | 1 |  1.9
Fire Magic     | 1 |  1.9
Ice Magic      | 1 |  1.9
Air Magic      | 1 |  1.9
Earth Magic    | 1 |  1.9
Poison Magic   | 1 |  1.9
Long Blades    | 3 |  3.5
Throwing       | 3 |  3.5
Armour         | 3 |  3.5
Evocations     | 3 |  3.5
Fighting       | |  8.9
Stealth        | |  4.8

Action                   |  1- 3 |  4- 6 |  7- 9 || total
-------------------------+-------+-------+-------++-------
Melee: Falchion          |    82 |   150 |    42 ||   274
       Bite              |     5 |    23 |     8 ||    36
       Punch             |     1 |     1 |     1 ||     3
  Use: Potion            |       |     3 |     1 ||     4
 Stab: Sleeping          |     3 |     3 |       ||     6
  Eat: Chunk             |     2 |     3 |       ||     5
Armor: Ring mail         |    36 |    52 |    17 ||   105
Dodge: Dodged            |    54 |   111 |    36 ||   201
       Rpst.: Falchion   |    22 |    29 |    11 ||    62

Table legend:
 A = Spawn XP
 B = Non-spawn XP
 C = Spawn XP percentage of total XP
 D = Spawn monster count
 E = Non-spawn monster count
 F = Spawn count percentage of total count
 G = Total turns spent on level
                    A         B        C        D         E        F      G
               +---------+---------+-------+---------+---------+-------+---------
         Total |       0 |     776 |   0.0 |       0 |      96 |   0.0 |  2988
               +---------+---------+-------+---------+---------+-------+---------
           D:1 |       0 |      29 |   0.0 |       0 |      17 |   0.0 |   521
           D:2 |       0 |      32 |   0.0 |       0 |      10 |   0.0 |   793
           D:3 |       0 |     275 |   0.0 |       0 |      36 |   0.0 |   847
           D:4 |       0 |     232 |   0.0 |       0 |      10 |   0.0 |   652
           D:5 |       0 |     208 |   0.0 |       0 |      23 |   0.0 |   146
               +---------+---------+-------+---------+---------+-------+---------

Vault maps used:
D:1:      lightli_arrival_noodles, grunt_decor_one_mirror
D:2:      hex_tiny, minmay_tripent
D:3:      first_ration, uniq_terence
D:4:      kennysheep_mini, kennysheep_little_box,
          minmay_temple_entry_large_hall, serial_shops, nicolae_shop_crystal
D:5:      kiku_gazebo_pond_becter, nicolae_tso_besieged_by_evil,
          marbit_many_paths, serial_shops, shop_fountains, feat_on_display
Temple:   eino_temple_rhombus

Table legend:
 A = Turns spent in this place as a percentage of turns spent in the entire game.
 B = Non-inter-level travel turns spent in this place as a percentage of non-inter-level travel turns spent in the entire game.
 C = Inter-level travel turns spent in this place as a percentage of turns spent in this place.
 D = Turns resting spent in this place as a percentage of non-inter-level travel turns spent in this place.
 E = Turns spent auto-exploring this place as a percentage of non-inter-level travel turns spent in this place.
 F = Non-inter-level travel turns spent in this place divided by the number of levels of this place that you've seen.
                   A       B       C       D       E      F
               +-------+-------+-------+-------+-------+----------------------
         Total | 100.0 | 100.0 |   3.1 |   0.0 |  78.0 | 482.7
       Dungeon |  99.0 |  99.2 |   2.9 |   0.0 |  78.6 | 574.4
        Temple |   1.0 |   0.8 |  17.2 |   0.0 |   8.3 |  24.0
               +-------+-------+-------+-------+-------+----------------------

Table legend:
 A = Kills in this place as a percentage of kills in entire the game.
 B = Kills by you in this place as a percentage of kills by you in the entire game.
 C = Kills by friends in this place as a percentage of kills by friends in the entire game.
 D = Other kills in this place as a percentage of other kills in the entire game.
 E = Experience gained in this place as a percentage of experience gained in the entire game.
 F = Experience gained in this place divided by the number of levels of this place that you have seen.
                   A       B       C       D       E      F
               +-------+-------+-------+-------+-------+----------------------
         Total | 100.0 | 100.0 |   N/A |   N/A | 100.0 | 129.3
       Dungeon | 100.0 | 100.0 |   N/A |   N/A | 100.0 | 155.2
               +-------+-------+-------+-------+-------+----------------------
